 Dungeon Crawl Stone Soup version 0.28-a0-1389-gc726bef33b (webtiles) character file.

Game seed: 9569539477637828658

160 ChaosChampion the Magician (level 5, -6/35 HPs)
             Began as a Djinni Hedge Wizard on Jan 3, 2022.
             Mangled by a gnoll (12 damage)
             ... on level 3 of the Dungeon.
             The game lasted 00:05:57 (4068 turns).

ChaosChampion the Magician (Djinni Hedge Wizard)    Turns: 4068, Time: 00:05:58

Health: -6/35      AC:  2    Str:  9    XL:     5   Next: 69%
Gold:   154        EV: 13    Int: 17    God:
                   SH:  0    Dex: 13

rFire   + + .      SeeInvis .   a - +0 dagger
rCold   x . .      Faith    .   (no shield)
rNeg    . . .      Spirit   .   b - +0 robe
rPois   ∞          Reflect  .   c - +0 hat
rElec   .          Harm     .   (no cloak)
rCorr   .          Rampage  .   (no gloves)
Will    .....                   (boots unavailable)
Stlth   ++........              (no amulet)
HPRegen 0.11/turn               (no ring)
MPRegen 0.00/turn               (no ring)

@: flying
A: sickness immunity, fire resistance 2, cold vulnerability 1, float, innate
caster, hp casting, extra vitality 1
a: no special abilities


You were on level 3 of the Dungeon.
You visited 1 branch of the dungeon, and saw 3 of its levels.

You collected 154 gold pieces.

Inventory:

Hand Weapons
 a - a +0 dagger (weapon)
Armour
 b - a +0 robe (worn)
 c - a +0 hat (worn)
Scrolls
 d - a scroll of torment {unknown}
 h - 4 scrolls of identify {unknown}
 i - a scroll of summoning {unknown}
 k - a scroll of teleportation {unknown}
 m - a scroll of fog {unknown}
Potions
 e - a potion of magic
 f - a potion of degeneration {unknown}
 g - 2 potions of lignification {unknown}
 j - a potion of invisibility {unknown}
 l - a potion of curing {unknown}


   Skills:
 + Level 3.8 Dodging
 - Level 1.5 Stealth
 * Level 4.0 Spellcasting


You couldn't memorise any spells.
You knew the following spells:

 Your Spells              Type           Power      Damage    Failure   Level
a - Magic Dart            Conj           68%        1d6       3%          1
b - Freeze                Ice            68%        1d8       3%          1
c - Call Imp              Summ           17%        N/A       4%          2
d - Slow                  Hex            68%        N/A       3%          1
e - Conjure Flame         Conj/Fire      17%        6-21      9%          3
f - Mephitic Cloud        Conj/Pois/Air  17%        N/A       9%          3
g - Corpse Rot            Necr/Air       34%        N/A       4%          2
z - Blink                 Tloc           34%        N/A       4%          2
Your spell library was empty.

Dungeon Overview and Level Annotations

Branches:
Dungeon (3/15)

Altars:


Innate Abilities, Weirdness & Mutations

You are immune to sickness and miasma.
You are immune to poison.
Your flesh is very heat resistant. (rF++)
You are vulnerable to cold. (rC-)
You float through the air rather than walking.
You learn spells naturally, not from books.
Your magical power is your life essence.
You have superior vitality. (+4 MHP)


Message History

Orders for allies: a - Attack new target. p - Attack previous target. r - Retreat! s - Stop attacking. g - Guard the area. f - Follow me.
Anything else - Cancel.
Gang up on whom?
Press: ? - help, Dir - move target, f/p - gnoll
Aim: a gnoll, wielding a +0 flail (severely wounded, ally target) Attack!
Your crimson imp blinks!
Your crimson imp barely misses the gnoll.
The kobold hits your crimson imp with a +2 short sword of holy wrath.
Your crimson imp convulses.
The kobold throws a stone.
The stone barely misses your crimson imp.
The stone misses the gnoll.
The stone hits you.
* * * LOW HITPOINT WARNING * * *
Your crimson imp disappears in a puff of smoke!
There is an open door here.
There is an escape hatch in the floor here.
The kobold throws a stone.
The stone hits you.
* * * LOW HITPOINT WARNING * * *
The kobold throws a stone.
The stone barely misses you.
There is an escape hatch in the ceiling here.
You see here a ring of poison resistance.
Casting: Magic Dart (safe; 3% risk of failure)
Confirm with . or Enter, or press ? or * to list all spells.
Aiming: Slow (safe; 3% risk of failure)
Press: ? - help, Shift-Dir - straight line, f/p - gnoll
Aim: a gnoll, wielding a +0 flail (heavily wounded, chance to affect: 65%)
Okay, then.
Casting: Slow (safe; 3% risk of failure)
Confirm with . or Enter, or press ? or * to list all spells.
A beastly little devil appears in a puff of flame.
The gnoll hits you with a +0 flail.
* * * LOW HITPOINT WARNING * * *
Your crimson imp blinks!
Okay, then.
It was a potion of magic.
Magic washes over you without effect. The gnoll hits you with a +0 flail!
You die...

#.....=....##.....
#.....####.##.....
#.....# #.##.....
#.....# #.#######
#.....# #.# #.....#
#.#######
#.....####........
#g....#..........#
###@....#...........
#.......#...........
#...############....
#...# #....# #....
##### #.##.####.#..
#.##...##.#÷.
########'####.##.#..
#..............#.#..
####............#.#.#..


You could see a gnoll.

Vanquished Creatures
  2 adders (D:3)
  A worm (D:2)
  4 dart slugs
  An orc (D:3)
  2 bats
  3 endoplasms
  11 goblins
  9 hobgoblins
  3 kobolds
  3 ball pythons (D:2)
  3 frilled lizards
  7 rats
49 creatures vanquished.

Vanquished Creatures (collateral kills)
  Terence (D:3)
  Robin (D:3)
  2 adders (D:2)
  3 worms (D:2)
  An orc (D:3)
  A bat (D:2)
  6 goblins
  2 hobgoblins (D:3)
17 creatures vanquished.

Grand Total: 66 creatures vanquished

Notes
Turn   | Place    | Note
-------+----------+-------------------------------------------
     0 | D:1      | ChaosChampion the Djinni Hedge Wizard began the quest for
                  | the Orb.
     0 | D:1      | Reached XP level 1. HP: 15/15 MP: 0/0
   222 | D:1      | Reached XP level 2. HP: 19/21 MP: 0/0
   983 | D:2      | Reached XP level 3. HP: 21/25 MP: 0/0
   983 | D:2      | Learned a level 1 spell: Freeze
  1083 | D:2      | Reached skill level 3 in Spellcasting
  1396 | D:2      | Found a faded altar of an unknown god.
  1772 | D:2      | Reached XP level 4. HP: 14/31 MP: 0/0
  3248 | D:3      | Noticed Terence
  3252 | D:3      | Killed Terence
  3253 | D:3      | Reached XP level 5. HP: 31/35 MP: 0/0
  3253 | D:3      | Learned a level 2 spell: Corpse Rot
  3504 | D:3      | Noticed Robin
  3545 | D:3      | Killed Robin
  3855 | D:3      | Reached skill level 4 in Spellcasting
  4000 | D:3      | Noticed a necrophage
  4068 | D:3      | Mangled by a gnoll

Illustrated notes

Levels and vault maps discovered:
D:1:      mainiacjoe_arrival_reflecting_pool, layout_loops_ring
D:2:      layout_loops_ring, chequers_ecumenical_altar_simple_redux
D:3:      layout_basic, uniq_terence, uniq_robin

Skill      XL: |  1  2  3  4  5 |
---------------+----------------+-----
Spellcasting   | 3 4 |  4.0
Dodging        | 3 |  3.8
Stealth        | |  1.5

Action                   |  1- 3 |  4- 6 || total
-------------------------+-------+-------++-------
Melee: Dagger            |     9 |    12 ||    21
 Cast: Magic Dart        |    60 |    81 ||   141
       Call Imp          |     4 |    10 ||    14
       Conjure Flame     |       |     1 ||     1
       Slow              |       |     1 ||     1
       Corpse Rot        |       |     1 ||     1
  Use: Potion            |       |     1 ||     1
 Stab: Sleeping          |     1 |       ||     1
Armor: Robe              |     1 |     3 ||     4
Dodge: Dodged            |     9 |    25 ||    34

Table legend: (Time is in decaauts)
 A = Elapsed time spent in this place.
 B = Non-inter-level travel time spent in this place.
 C = Inter-level travel time spent in this place.
 D = Time resting spent in this place.
 E = Time spent auto-exploring this place.
 F = Levels seen in this place.
 G = Mean time per level.
                   A        B        C        D        E       F      G
               +--------+--------+--------+--------+--------+-----+--------+
         Total |   4068 |   4010 |     58 |    848 |   2679 |   3 | 1356.0 |
       Dungeon |   4068 |   4010 |     58 |    848 |   2679 |   3 | 1356.0 |
               +--------+--------+--------+--------+--------+-----+--------+

Top non-repeatable levels by time:
     D:2: 1639 daAuts
     D:3: 1323 daAuts
     D:1: 1105 daAuts
